 Dungeon Crawl Stone Soup version 0.30-a0-1124-g6e8f0f562f (webtiles) character file.

Game seed: 13307203087259812610

1003 sanka the Trooper (level 8, -2/87 HPs)
             Began as an Ogre Monk on Apr 23, 2023.
             Was a Priest of Okawaru.
             Slain by a gnoll
             ... wielding a +4 halberd
              (10 damage)
             ... on level 5 of the Dungeon.
             The game lasted 00:06:14 (4733 turns).

sanka the Trooper (Ogre Monk)                       Turns: 4733, Time: 00:06:14

Health: -2/87      AC:  3    Str: 24    XL:     8   Next: 20%
Magic:  10/10      EV: 10    Int: 11    God:    Okawaru [***...]
Gold:   289        SH:  0    Dex: 11    Spells: 7/7 levels left

rFire   + . .        x - +0 flail
rCold   + . .        d - orb {light}
rNeg    . . .        b - +0 robe
rPois   .            (helmet restricted)
rElec   .            i - scarf {rC+ rF+}
rCorr   +            (gloves unavailable)
SInv    .            (boots unavailable)
Will    .....        (no amulet)
Stlth   +            t - +6 ring of strength
HPRegen 0.34/turn    A - ring of resist corrosion
MPRegen 0.12/turn

%: no passive effects
@: glowing
A: large, unfitting armour, tough skin 1
a: Renounce Religion, Heroism


You were on level 5 of the Dungeon.
You worshipped Okawaru.
Okawaru was most pleased with you.
You visited 2 branches of the dungeon, and saw 6 of its levels.

You collected 289 gold pieces.


Innate Abilities, Weirdness & Mutations

You are too large for most types of armour.
You have tough skin. (AC +1)


   Skills:
 + Level 7.2 Fighting
 * Level 7.2 Maces & Flails
 - Level 2.6 Dodging
 + Level 3.2 Invocations


You had 7 spell levels left.
You didn't know any spells.
Your spell library contained the following spells:

 Spells                   Type           Power      Damage    Failure   Level
 Shock                    Conj/Air       0%         1d3       34%         1
 Blink                    Tloc           0%         N/A       47%         2
 Lesser Beckoning         Tloc           0%         N/A       47%         2
 Gell's Gravitas          Tloc           0%         N/A       71%         3
 Inner Flame              Hex/Fire       0%         N/A       71%         3
 Portal Projectile        Hex/Tloc       0%         N/A       71%         3
 Swiftness                Air            0%         N/A       71%         3
 Teleport Other           Tloc           0%         N/A       71%         3
 Airstrike                Air            0%         2d(0-16)  98%         4
 Flame Wave               Conj/Fire      0%         2d4       98%         4
 Leda's Liquefaction      Hex/Erth       0%         N/A       98%         4
 Manifold Assault         Tloc           0%         N/A       98%         4
 Sticky Flame             Conj/Fire      0%         2d3       98%         4
 Storm Form               Tmut/Air       0%         N/A       100%        7
 Call Canine Familiar     Summ           Unusable   N/A       N/A         3

Inventory:

Hand Weapons
 x - a +0 flail (weapon)
Missiles
 k - 12 poisoned darts (quivered)
Armour
 b - a +0 robe (worn)
 d - an orb of light (worn)
 i - a scarf of resistance (worn)
Magical Staves
 h - a staff of death
Jewellery
 t - a +6 ring of strength (left hand)
 A - a ring of resist corrosion (right hand)
Wands
 o - a wand of quicksilver (13)
 v - a wand of roots (12)
Scrolls
 f - 6 scrolls of identify {unknown}
 j - 4 scrolls of teleportation {unknown}
 m - a scroll of amnesia {unknown}
 p - a scroll of enchant armour {unknown}
 q - 2 scrolls of enchant weapon {unknown}
 r - a scroll of magic mapping {unknown}
 s - a scroll of blinking {unknown}
 u - a scroll of torment {unknown}
 y - a scroll of summoning {unknown}
Potions
 a - a potion of might {unknown}
 c - a potion of ambrosia
 e - a potion of heal wounds {unknown}
 g - a potion of curing {unknown}
 l - a potion of degeneration {unknown}
 n - 2 potions of mutation {unknown}
 w - 2 potions of cancellation {unknown}
 z - a potion of brilliance {unknown}

Dungeon Overview and Level Annotations

Branches:
Dungeon (5/15)             Temple (1/1) D:4

Altars:
Ashenzari
Cheibriados
Dithmenos
Fedhas
Hepliaklqana
Makhleb
Nemelex Xobeh
Okawaru
Qazlal
Ru
Sif Muna
Trog
Vehumet
Yredelemnul

▒.......▒▒▒▒.......▒ ▒..▒
.▒▒▒........▒▒........▒▒ ▒..▒
.......................▒▒▒▒▒▒.▒▒
...▒▒.......................))▒
.▒▒▒▒▒..g.....>▒▒▒▒▒..........▒▒▒
▒ ▒▒.....▒...▒ ▒▒▒...........
▒.....▒▒..▒▒ ▒▒..▒▒▒▒▒.....
▒.....▒▒▒g.▒▒▒...▒ ▒..▒.▒ ▒.....▒
▒▒O▒▒....▒ ▒..▒▒.
▒.....▒▒▒▒)..▒▒..▒▒ ▒.▒▒▒▒
▒.▒▒▒▒...▒▒.▒▒▒▒..▒ ▒▒ ▒ ▒▒.▒▒
▒▒....▒▒ ▒..▒▒ ▒ ▒.▒.▒ ▒▒▒..▒
▒...▒ ▒.▒▒▒ ▒▒▒▒ ▒..▒▒ ▒▒▒ ▒.▒▒
▒▒▒


You could see a gnoll.


Message History

The gnoll hits you from afar with a +4 halberd!
You hit the gnoll but do no damage. The gnoll barely misses you.
The gnoll hits you from afar with a +4 halberd!
You sock the gnoll!
The gnoll is severely wounded.
The gnoll barely misses you.
The gnoll hits you from afar with a +4 halberd!
* * * LOW HITPOINT WARNING * * *
You hit the gnoll but do no damage.
The gnoll is severely wounded.
The gnoll hits you with a +0 spear.
* * * LOW HITPOINT WARNING * * *
The gnoll hits you from afar with a +4 halberd!
* * * LOW HITPOINT WARNING * * *
You sock the gnoll!
You kill the gnoll!
Okawaru accepts your kill.
The gnoll hits you from afar with a +4 halberd!
* * * LOW HITPOINT WARNING * * *
The gnoll hits you with a +4 halberd!
* * * LOW HITPOINT WARNING * * *
You see here a +0 flail.
You barely miss the gnoll. The gnoll hits you with a +4 halberd!
* * * LOW HITPOINT WARNING * * *
You thump the gnoll!
The gnoll is heavily wounded.
The gnoll hits you with a +4 halberd!
You die...

Action                     |  1- 3 |  4- 6 |  7- 9 || total
---------------------------+-------+-------+-------++-------
  Melee: Mace              |    76 |    62 |       ||   138
         Flail             |       |    72 |    71 ||   143
  Throw: Dart              |       |       |     2 ||     2
 Armour: Robe              |    19 |    35 |    18 ||    72
  Dodge: Dodged            |    27 |    71 |    42 ||   140

Levels and vault maps discovered:
D:1:      wander_arrival_chamber, layout_basic
D:2:      layout_basic, minmay_octomino_e4, uniq_robin, uniq_jessica
D:3:      layout_basic
D:4:      layout_cave_pods, minmay_temple_entry_drinking_statues,
          minmay_misc_feat_more_columns, kennysheep_generic_room_9
D:5:      layout_layer_cave, nicolae_elyvilon_temple_path,
          nicolae_wu_jian_glorious_leap, uniq_sigmund
Temple:   compressed_dpeg_circular_temple

Notes
Turn   | Place    | Note
-------+----------+-------------------------------------------
     0 | D:1      | sanka the Ogre Monk began the quest for the Orb.
     0 | D:1      | Reached XP level 1. HP: 24/24 MP: 1/1
    93 | D:1      | Reached skill level 3 in Maces & Flails
   126 | D:1      | Reached XP level 2. HP: 26/32 MP: 2/2
   550 | D:1      | Identified a scarf of resistance
   840 | D:2      | Reached XP level 3. HP: 39/39 MP: 3/3
   875 | D:2      | Noticed Robin
   967 | D:1      | Reached skill level 4 in Maces & Flails
  1101 | D:2      | Killed Robin
  1162 | D:2      | Noticed Jessica
  1168 | D:2      | Killed Jessica
  1169 | D:2      | Reached XP level 4. HP: 46/49 MP: 4/4
  2040 | D:3      | Reached XP level 5. HP: 42/55 MP: 5/5
  2480 | D:4      | Reached skill level 5 in Fighting
  2583 | D:4      | Reached skill level 5 in Maces & Flails
  2748 | D:4      | Reached XP level 6. HP: 56/66 MP: 6/6
  2781 | D:4      | Noticed a sky beast
  2792 | D:4      | Killed a sky beast
  2954 | D:4      | Found a staircase to the Ecumenical Temple.
  2967 | Temple   | Entered the Ecumenical Temple
  3047 | Temple   | Became a worshipper of Warmaster Okawaru
  3047 | Temple   | Reached * piety under Okawaru
  3047 | Temple   | Reached ** piety under Okawaru
  3224 | D:4      | Reached skill level 6 in Fighting
  3394 | D:4      | Reached skill level 6 in Maces & Flails
  3411 | D:4      | Reached XP level 7. HP: 66/75 MP: 7/7
  3594 | D:4      | Reached skill level 1 in Invocations
  3719 | D:5      | Entered Level 5 of the Dungeon
  3790 | D:5      | Reached skill level 2 in Invocations
  4357 | D:5      | Reached skill level 7 in Fighting
  4357 | D:5      | Reached skill level 7 in Maces & Flails
  4357 | D:5      | Reached XP level 8. HP: 87/87 MP: 8/10
  4409 | D:5      | Reached *** piety under Okawaru
  4410 | D:5      | Reached skill level 3 in Invocations
  4732 | D:5      | HP: 8/87 [gnoll/+4 halberd (7)]
  4733 | D:5      | Slain by a gnoll

Vanquished Creatures
  A water moccasin (D:5)
  A black bear (D:5)
  A sky beast (D:4)
  A centaur (D:5)
  A phantom (D:5)
  A scorpion (D:5)
  A jelly (D:5)
  An orc priest (D:4)
  3 hounds
  Jessica (D:2)
  3 iguanas
  A sleepcap (D:4)
  2 orc wizards (D:4)
  Robin (D:2)
  7 adders
  2 gnolls (D:5)
  3 dart slugs
  9 orcs
  5 bats
  6 endoplasms
  3 giant cockroaches
  9 hobgoblins
  3 kobolds
  A quokka (D:4)
  5 ball pythons
  4 frilled lizards
  14 goblins
  6 rats
96 creatures vanquished.
